 Dungeon Crawl Stone Soup version 0.29.0-7-g18a832c13a (webtiles) character file.

Game seed: 8291319747300078152

1078 xian the Chopper (level 8, -12/55 (70) HPs)
             Began as a Hill Orc Fighter on Sept 1, 2022.
             Mangled by an ogre
             ... wielding a +0 giant club
              (29 damage)
             ... on level 6 of the Dungeon.
             The game lasted 00:15:05 (4244 turns).

xian the Chopper (Hill Orc Fighter)                 Turns: 4244, Time: 00:15:06

HP:   -12/55 (70)   AC:  9    Str: 21    XL:     8   Next: 29%
MP:   8/8           EV:  8    Int:  8    God:
Gold: 521           SH:  0    Dex: 16    Spells: 7/7 levels left

rFire   + . .      SeeInvis +   a - +0 war axe
rCold   x . .      Faith    .   (no shield)
rNeg    . . .      Spirit   .   K - +0 chain mail
rPois   +          Reflect  .   (no helmet)
rElec   .          Harm     .   (no cloak)
rCorr   .          Rampage  .   (no gloves)
Will    .....                   (no boots)
Stlth   ..........              p - amulet of regeneration
HPRegen 0.98/turn               j - ring of see invisible
MPRegen 0.11/turn               G - ring "Fokhegutt" {Fire rPois Dex+6}

@: heavily drained
A: no striking features
a: no special abilities


You were on level 6 of the Dungeon.
You visited 1 branch of the dungeon, and saw 6 of its levels.
You also visited: Ossuary.

You collected 521 gold pieces.

Inventory:

Hand Weapons
 a - a +0 war axe (weapon)
 o - a +2 arbalest of freezing
 J - the +5 sling of the Undead {flame, Drain rN+++ Int+4}
   (You found it on level 5 of the Dungeon)

   Any ammunition fired from it burns those it strikes, dealing additional fire
   damage.
   Int:       It affects your intelligence (+4).
   rN:        It renders you almost immune to negative energy.
   Drain:     It drains your maximum health when unequipped.
Missiles
 H - 6 atropa-tipped darts
 I - 6 boomerangs
Armour
 c - a +0 buckler
 K - a +0 chain mail (worn)
Jewellery
 j - a ring of see invisible (left hand)
 m - a +4 ring of evasion
 p - an amulet of regeneration (around neck)
 G - the ring "Fokhegutt" (right hand) {Fire rPois Dex+6}
   (You found it on level 4 of the Dungeon)

   [ring of fire]

   It enhances your fire magic.
   Dex:       It affects your dexterity (+6).
   rF:        It protects you from fire.
   rC:        It makes you vulnerable to cold.
   rPois:     It protects you from poison.
Wands
 d - a wand of digging (5)
 r - a wand of iceblast (8)
 F - a wand of paralysis (8)
Scrolls
 e - a scroll of immolation {unknown}
 f - 2 scrolls of magic mapping {unknown}
 h - a scroll of teleportation {unknown}
 n - 2 scrolls of vulnerability {unknown}
 q - a scroll of amnesia {unknown}
 s - a scroll of blinking {unknown}
 t - 2 scrolls of poison {unknown}
 v - 2 scrolls of noise {unknown}
 y - 2 scrolls of torment {unknown}
 B - a scroll of fog {unknown}
 C - a scroll of silence {unknown}
 D - 6 scrolls of identify
 E - a scroll of enchant weapon {unknown}
Potions
 b - 2 potions of might
 g - 3 potions of heal wounds
 i - a potion of magic {unknown}
 k - 2 potions of ambrosia
 l - 4 potions of curing
 u - 3 potions of haste
 w - a potion of lignification {unknown}
 x - a potion of berserk rage {unknown}
 z - 3 potions of mutation {unknown}
 A - a potion of invisibility {unknown}


   Skills:
 + Level 5.9 Fighting
 + Level 7.2 Axes
 * Level 4.0 Ranged Weapons
 + Level 5.2 Armour
 + Level 1.4 Dodging
 + Level 0.3 Stealth
 + Level 4.2 Shields


You had 7 spell levels left.
You didn't know any spells.
Your spell library contained the following spells:

 Spells                   Type           Power      Damage    Failure   Level
 Ensorcelled Hibernation  Hex/Ice        0%         N/A       99%         2
 Passwall                 Tmut/Erth      0%         N/A       99%         2
 Swiftness                Air            0%         N/A       100%        3


Dungeon Overview and Level Annotations

Branches:
Dungeon (6/15)             Temple (0/1) D:5         Ossuary (visited)

Altars:
Ashenzari
Dithmenos
Hepliaklqana
Wu Jian
Zin


Message History

l - 4 potions of curing (gained 1)
A troll comes into view.
The troll shouts!
You shoot a sling bullet.
The sling bullet barely misses the troll.
You hear a shout!
An ogre comes into view. It is wielding a +0 giant club.
You shoot a sling bullet. The sling bullet hits the ogre.
The sling bullet burns the ogre.
The ogre is lightly wounded.
You shoot a sling bullet.
The sling bullet barely misses the ogre.
The sling bullet hits the troll!
The sling bullet burns the troll.
The troll is moderately wounded.
The ogre hits you with a +0 giant club!!
You shoot a sling bullet. The sling bullet hits the ogre!
The sling bullet burns the ogre.
The ogre is heavily wounded.
The ogre barely misses you.
You shoot a sling bullet.
The sling bullet barely misses the ogre.
The troll bites you but does no damage. The troll claws you but does no damage.
The troll claws you. The troll closely misses you. The troll barely misses you.
The troll claws you!
The ogre hits you with a +0 giant club!!
* * * LOW HITPOINT WARNING * * *
You feel much better. The troll bites you but does no damage.
The troll claws you. The troll claws you!
* * * LOW HITPOINT WARNING * * *
Okay, then.
Really unwield
J - the +5 sling of the Undead {flame, Drain rN+++ Int+4}?
Okay, then.
Okay, then.
Really unwield
J - the +5 sling of the Undead {flame, Drain rN+++ Int+4}?
You feel drained.
The +5 sling of the Undead {flame, Drain rN+++ Int+4} stops flaming.
a - a +0 war axe (weapon)
The ogre hits you with a +0 giant club!!
Ouch! That really hurt!
You die...

#.....# #.....#####.#
#.......$....
#............
########..............
#.........#...........
#.........#...........
#....TO...#...........
#....@....#...........
#.........#...........
#.........#...........
#.........#...........
#.........#...........
#.....................
#...............[.....
#................#....
.............†.#....


You could see a troll and an ogre.

Vanquished Creatures
  Sigmund (D:2)
  A water moccasin (D:6)
  An ice beast (D:6)
  A black bear (D:5)
  An ogre (D:5)
  A jelly (D:5)
  2 hounds
  2 orc priests
  3 iguanas
  2 orc wizards (D:4)
  8 mummies (Ossuary)
  8 adders
  An ufetubus (D:4)
  A dart slug (D:1)
  22 orcs
  5 bats
  5 endoplasms
  A giant cockroach (D:4)
  2 gnoll zombies (Ossuary)
  3 goblins
  4 hobgoblins
  7 jackals
  4 quokkas
  2 ball pythons
  A frilled lizard (D:2)
  A goblin zombie (D:4)
  2 hobgoblin zombies (Ossuary)
  4 kobolds
  4 orc zombies (Ossuary)
  6 rats
  A rat zombie (D:4)
107 creatures vanquished.

Notes
Turn   | Place    | Note
-------+----------+-------------------------------------------
     0 | D:1      | xian the Hill Orc Fighter began the quest for the Orb.
     0 | D:1      | Reached XP level 1. HP: 19/19 MP: 1/1
   126 | D:1      | Found a faded altar of an unknown god.
   167 | D:1      | Reached XP level 2. HP: 27/27 MP: 2/2
   540 | D:1      | You fall into a shaft and drop 1 floor!
   558 | D:2      | Reached skill level 3 in Axes
   566 | D:2      | Found a shadowy altar of Dithmenos.
   627 | D:2      | Noticed Sigmund
   638 | D:2      | Killed Sigmund
   639 | D:2      | Reached skill level 4 in Axes
   639 | D:2      | Reached XP level 3. HP: 10/35 MP: 3/3
   639 | D:2      | Reached XP level 4. HP: 12/41 MP: 4/4
   639 | D:2      | Reached XP level 5. HP: 13/47 MP: 5/5
  1403 | D:3      | Reached skill level 5 in Axes
  1568 | D:3      | Reached XP level 6. HP: 27/55 MP: 6/6
  1842 | D:3      | Reached skill level 5 in Fighting
  1959 | D:3      | Noticed an angel
  1960 | D:3      | Found a glowing silver altar of Zin.
  2290 | D:4      | Found a sand-covered staircase.
  2363 | Ossuary  | Entered an ossuary
  2380 | Ossuary  | Reached skill level 6 in Axes
  2470 | Ossuary  | Reached XP level 7. HP: 61/61 MP: 7/7
  2670 | D:4      | Found an ornate altar of the Wu Jian Council.
  2830 | D:4      | Reached skill level 1 in Dodging
  3168 | D:4      | Reached skill level 7 in Axes
  3263 | D:4      | Identified the ring "Fokhegutt" {Fire rPois Dex+6}
  3308 | D:5      | Entered Level 5 of the Dungeon
  3308 | D:5      | Found Niob's Armour Boutique.
  3390 | D:5      | Found a broken altar of Ashenzari.
  3437 | D:5      | Reached skill level 1 in Ranged Weapons
  3518 | D:5      | Found a hazy altar of Hepliaklqana.
  3714 | D:5      | Found a staircase to the Ecumenical Temple.
  3721 | D:5      | Identified the +5 sling of the Undead {flame, Drain rN+++
                  | Int+4}
  3847 | D:5      | Reached XP level 8. HP: 70/70 MP: 8/8
  4105 | D:6      | Reached skill level 5 in Armour
  4230 | D:6      | Noticed a troll
  4244 | D:6      | Mangled by an ogre

Illustrated notes

Levels and vault maps discovered:
D:1:      shiori_arrival_oz, layout_basic, basic_ecumenical_altar,
          minmay_crystal_room, minmay_misc_feat_secret_circle
D:2:      layout_basic, basic_altar, uniq_sigmund
D:3:      layout_basic, zin_angel
D:4:      layout_basic, kennysheep_mini, enter_ossuary_4
D:5:      layout_rooms, worldfamousw_hep_ancestral_shrine,
          nicolae_ashenzari_panopticon, minmay_temple_entry_ruins, serial_shops,
          nicolae_stop_n_shop_1, kennysheep_big_empty_room
D:6:      layout_basic, minmay_lizard_king

Skill      XL: |  1  2  3  4  5  6  7  8 |
---------------+-------------------------+-----
Fighting       | 4 5 |  5.9
Axes           | 4 5 6 7 |  7.2
Armour         | 4 5 |  5.2
Shields        | 4 |  4.2
Dodging        | 1 |  1.4
Ranged Weapons | 3 4 |  4.0
Stealth        | |  0.3

Action                   |  1- 3 |  4- 6 |  7- 9 || total
-------------------------+-------+-------+-------++-------
Melee: War axe           |    45 |   140 |    53 ||   238
 Fire: Arbalest          |       |       |    52 ||    52
       Sling             |       |       |    33 ||    33
  Use: Potion            |     1 |       |     2 ||     3
       Scroll            |       |     3 |     2 ||     5
Armor: Scale mail        |    14 |    26 |    55 ||    95
       Chain mail        |       |       |     8 ||     8
Dodge: Dodged            |    25 |    85 |   130 ||   240
Block: Buckler           |     9 |    33 |     2 ||    44
